 Dungeon Crawl Stone Soup version 0.19-a0-1697-g0595f0e (webtiles) character file.

19392 kae the Fencer (level 13, 0/97 (98) HPs)
             Began as a Formicid Fighter on Sept 26, 2016.
             Was a High Priest of Makhleb.
             Slain by a death yak simulacrum (28 damage)
             ... in an ice cave.
             The game lasted 00:24:51 (15477 turns).

kae the Fencer (Formicid Fighter)                  Turns: 15477, Time: 00:24:52

HP:   0/97 (98)     AC: 13    Str: 26    XL:     13   Next: 4%
MP:   19/19         EV:  9    Int:  8    God:    Makhleb [*****.]
Gold: 1141          SH: 15    Dex: 10    Spells: 0 memorised, 12 levels left

rFire  . . .     SeeInvis +     L - +2 great sword
rCold  . . .     Gourm    .     b - +1 scale mail
rNeg   . . .     Faith    .     c - +0 shield
rPois  +         Spirit   .     (helmet unavailable)
rElec  .         Dismiss  .     p - +2 cloak
rCorr  .         Reflect  +     (no gloves)
MR     ++...     Harm     .     (no boots)
Stlth  ..........               y - +4 amulet of reflection
                                e - ring of protection from magic
                                m - ring of poison resistance

@: no status effects
A: permanent stasis, dig shafts and tunnels, four strong arms, antennae 3
a: Dig, Shaft Self, Minor Destruction, Lesser Servant of Makhleb, Major
Destruction, Greater Servant of Makhleb, Renounce Religion


You were in an ice cave.
You worshipped Makhleb.
Makhleb was extremely pleased with you.
You were not hungry.

You visited 4 branches of the dungeon, and saw 14 of its levels.
You also visited: Ossuary and Ice Cave.

You collected 1155 gold pieces.
You spent 14 gold pieces at shops.

Inventory:

Hand Weapons
 a - a +1 long sword
 L - a +2 great sword (weapon)
Armour
 b - a +1 scale mail (worn)
 c - a +0 shield (worn)
 p - a +2 cloak (worn)
Jewellery
 e - a ring of protection from magic (right hand)
 h - an uncursed ring of protection from cold
 m - a ring of poison resistance (left hand)
 w - an uncursed ring of ice
 y - a +4 amulet of reflection (around neck)
 O - an uncursed amulet of the gourmand {unknown}
Wands
 d - a wand of teleportation (3/9)
 i - a wand of confusion (48/48)
 D - a wand of slowing (18/48)
 M - a wand of iceblast (11/15)
Scrolls
 l - 2 scrolls of remove curse
 o - 3 scrolls of amnesia
 t - a scroll of fog
 E - 2 scrolls of enchant armour
 K - a scroll of identify
 N - 2 scrolls of vulnerability
Potions
 g - a potion of curing
 j - 3 potions of mutation
 k - a potion of cancellation
 q - 2 potions of ambrosia
 u - 2 potions of agility
 z - 2 potions of haste {unknown}
 A - a potion of magic
 F - a potion of cure mutation {unknown}
 H - a potion of resistance
Books
 r - a book of Conjurations

   Spells                             Type                      Level
   a - Magic Dart                     Conjuration                  1
   b - Searing Ray                    Conjuration                  2
   c - Dazzling Spray                 Conjuration/Hexes            3
   d - Fulminant Prism                Conjuration/Hexes            4
   e - Iskenderun's Mystic Blast      Conjuration                  4
   f - Iskenderun's Battlesphere      Conjuration/Charms           5
 C - a book of Spatial Translocations

   Spells                             Type                      Level
   a - Apportation                    Translocation                1
   b - Blink                          Translocation                2
   c - Shroud of Golubria             Charms/Translocation         2
   d - Portal Projectile              Translocation                3
   e - Teleport Other                 Translocation                3
   f - Passage of Golubria            Translocation                4
 G - a book of Alchemy

   Spells                             Type                      Level
   a - Sublimation of Blood           Necromancy                   2
   b - Ignite Poison                  Fire/Transmutation/Poison    3
   c - Petrify                        Transmutation/Earth          4
   d - Alistair's Intoxication        Transmutation/Poison         5
   e - Irradiate                      Conjuration/Transmutation    5
 I - Sif Muna's Reference Book on Creation
   (You found it on level 9 of the Dungeon)

   Spells                             Type                      Level
   a - Summon Small Mammal            Summoning                    1
 J - the Handbook of Mutagenic Boosts
   (You found it on level 9 of the Dungeon)

   Spells                             Type                      Level
   a - Song of Slaying                Charms                       2
   b - Passwall                       Transmutation/Earth          2
   c - Ice Form                       Ice/Transmutation            4
   d - Haste                          Charms                       6
   e - Deflect Missiles               Charms/Air                   6
Comestibles
 f - 11 bread rations
 n - 10 beef jerkies
 s - 5 meat rations
 B - 3 fruits


   Skills:
 + Level 7.9 Fighting
 * Level 15.0 Long Blades
 + Level 7.9 Armour
 + Level 8.4 Shields
 - Level 9.3 Invocations


You had 12 spell levels left.
You didn't know any spells.

Dungeon Overview and Level Annotations

Branches:
Dungeon (11/15)            Temple (1/1) D:4            Lair (1/6) D:11
    Orc (1/2) D:9

Altars:
Ashenzari
Cheibriados
Dithmenos
Elyvilon
Fedhas
Gozag
Hepliaklqana
Kikubaaqudgha
Makhleb
Nemelex Xobeh
Okawaru
Qazlal
Ru
Sif Muna
Trog
Uskayaw
Vehumet
Xom
Yredelemnul
Zin
The Shining One

Shops:
D:2 *   D:4 **[%   D:5 %*   D:8 *   D:10 (


Innate Abilities, Weirdness & Mutations

You are under a permanent stasis effect.
You can dig through walls and to a lower floor.
Your four strong arms can wield two-handed weapons with a shield.
You have a pair of large antennae on your head. (SInv)


Message History

4 simulacra come into view.
Found an ice covered gate leading back out of this place.
There is an ice choked empty arch of ancient stone here.
Unknown command.
You slash the death yak simulacrum!
The death yak simulacrum is moderately damaged.
You block the death yak simulacrum's attack.
The alligator simulacrum bites you. The alligator simulacrum freezes you!
The alligator simulacrum tail-slaps you but does no damage.
You slash the death yak simulacrum!
The death yak simulacrum is heavily damaged.
You block the alligator simulacrum's attack.
The alligator simulacrum tail-slaps you.
The alligator simulacrum freezes you!!
You hit the death yak simulacrum.
The death yak simulacrum is severely damaged.
The death yak simulacrum gores you.
* * * LOW HITPOINT WARNING * * *
The death yak simulacrum freezes you!!
You die...

#####
##...##
##..∩..##
#.......#
#...∩...#
##.....##
##@..##
#ZZ.#
ZZ.##
#...#
##...
##... #..
.##


You could see an alligator simulacrum, a death yak simulacrum, an elephant
simulacrum and a polar bear simulacrum.

Vanquished Creatures
  Josephine (D:9)
  Sonja (D:10)
  Urug (D:11)
  A hill giant (D:11)
  An ugly thing (D:11)
  An orc sorcerer (Orc:1)
  2 manticores (D:9)
  3 cyclopes
  Maurice (D:10)
  2 trolls (D:11)
  A jumping spider (shapeshifter) (D:9)
  A hippogriff (D:10)
  Prince Ribbit (D:6)
  Sigmund (D:5)
  A wyvern (D:10)
  5 wraiths
  13 yaks
  A warg (D:9)
  A mottled dragon (D:9)
  3 water moccasins
  A porcupine (Lair:1)
  13 orc warriors
  3 ice beasts
  2 necrophages
  7 ogres
  2 black bears
  3 phantoms
  The ghost of Xiguana the Skirmisher, an amateur DsCK of Xom (D:3)
  6 centaurs
  2 crocodiles
  3 big kobolds
  7 bullfrogs
  A gnoll sergeant (D:9)
  11 scorpions
  A water moccasin skeleton (D:8)
  8 killer bees
  8 wights
  6 howler monkeys
  5 crimson imps
  2 centaur zombies
  2 bullfrog zombies
  9 hounds
  4 jellies
  7 orc priests
  3 gnoll shamans
  3 human zombies (Ossuary)
  14 orc wizards
  A bullfrog skeleton (D:9)
  2 centaur skeletons
  Terence (D:2)
  4 iguanas
  Natasha (thrice) (D:3)
  9 worker ants
  A big kobold zombie (Ossuary)
  3 mummies (Ossuary)
  2 howler monkey zombies
  2 worker ant zombies
  Robin (D:4)
  11 adders
  24 gnolls
  4 scorpion zombies (Ossuary)
  4 river rats (D:5)
  3 shadow imps
  12 white imps (Lair:1)
  2 oozes (D:1)
  An adder skeleton (D:4)
  An adder zombie (D:7)
  6 worms
  4 dart slugs
  8 leopard geckos
  46 orcs
  2 ball pythons
  9 bats
  7 giant cockroaches
  A gnoll zombie (Ossuary)
  13 goblins
  16 hobgoblins
  12 jackals
  19 kobolds
  4 quokkas
  5 frilled lizards
  2 hobgoblin zombies (Ossuary)
  2 kobold zombies (Ossuary)
  A leopard gecko zombie (D:6)
  2 orc zombies (Ossuary)
  7 rats
433 creatures vanquished.

Vanquished Creatures (collateral kills)
  A cyclops (Orc:1)
  A two-headed ogre (D:9)
  2 yaks (D:8)
  3 orc warriors (Orc:1)
  An ogre (Orc:1)
  2 killer bees (D:8)
  5 orc priests (Orc:1)
  An orc wizard (Orc:1)
  4 orcs (Orc:1)
20 creatures vanquished.

Vanquished Creatures (others)
  A centaur (D:10)
  A scorpion (Ossuary)
  An orc wizard (D:3)
  An orc (Orc:1)
  A goblin (D:4)
  A plant (D:5)
6 creatures vanquished.

Grand Total: 459 creatures vanquished

Notes
Turn   | Place    | Note
-------+----------+-------------------------------------------
     0 | D:1      | kae the Formicid Fighter began the quest for the Orb.
     0 | D:1      | Reached XP level 1. HP: 18/18 MP: 1/1
   157 | D:1      | Reached XP level 2. HP: 15/24 MP: 2/2
   159 | D:1      | Reached skill level 3 in Long Blades
   253 | D:1      | Reached XP level 3. HP: 20/29 MP: 3/3
   632 | D:2      | Noticed Terence
   654 | D:2      | Killed Terence
   654 | D:2      | Reached skill level 4 in Long Blades
   654 | D:2      | Reached XP level 4. HP: 24/35 MP: 4/4
   924 | D:2      | Reached XP level 5. HP: 40/41 MP: 5/5
  1086 | D:2      | Reached skill level 5 in Long Blades
  1316 | D:2      | Found Zin's Purification Station.
  1335 | D:2      | Found a glowing silver altar of Zin.
  1701 | D:3      | Noticed Natasha
  1708 | D:3      | Killed Natasha
  1910 | D:3      | Reached XP level 6. HP: 46/47 MP: 6/6
  1965 | D:3      | Noticed Xiguana's ghost (amateur DsCK)
  1981 | D:3      | Killed Xiguana's ghost
  1981 | D:3      | Reached skill level 6 in Long Blades
  2059 | D:3      | Noticed Natasha
  2066 | D:3      | Killed Natasha
  2178 | D:3      | Noticed Natasha
  2193 | D:3      | Killed Natasha
  2193 | D:3      | Reached XP level 7. HP: 9/52 MP: 7/7
  2499 | D:3      | Reached skill level 7 in Long Blades
  2754 | D:4      | Found a staircase to the Ecumenical Temple.
  2769 | Temple   | Entered the Ecumenical Temple
  2815 | Temple   | Became a worshipper of Makhleb the Destroyer
  2964 | D:4      | Found Jim Ipol's Antique Armour Boutique.
  2973 | D:4      | Noticed Robin
  3004 | D:4      | Killed Robin
  3059 | D:4      | Reached skill level 8 in Long Blades
  3067 | D:4      | Found Pajoewaa's General Store.
  3083 | D:4      | Found Qisiti's General Store.
  3095 | D:4      | Bought a potion of degeneration for 14 gold pieces
  3182 | D:4      | Found Diof's Food Shop.
  3191 | D:4      | Reached XP level 8. HP: 33/58 MP: 8/8
  3522 | D:5      | Entered Level 5 of the Dungeon
  3588 | D:5      | Noticed Sigmund
  3604 | D:5      | Reached * piety under Makhleb
  3613 | D:5      | Killed Sigmund
  3613 | D:5      | Reached skill level 9 in Long Blades
  4075 | D:5      | Found Ufoep's Food Shoppe.
  4133 | D:5      | Found Ruheig's General Store.
  4155 | D:5      | Found an ancient bone altar of Kikubaaqudgha.
  4160 | D:5      | Reached skill level 10 in Long Blades
  4333 | D:5      | Reached skill level 1 in Invocations
  4423 | D:6      | Noticed Prince Ribbit
  4465 | D:6      | Killed Prince Ribbit
  4465 | D:6      | Reached XP level 9. HP: 21/64 MP: 8/10
  4682 | D:6      | Found a sand-covered staircase.
  4691 | Ossuary  | Entered an ossuary
  4896 | Ossuary  | Reached skill level 11 in Long Blades
  4912 | Ossuary  | Reached ** piety under Makhleb
  5416 | D:6      | Found a blossoming altar of Fedhas.
  5448 | D:6      | Reached skill level 5 in Invocations
  5509 | D:6      | Found a shadowy altar of Dithmenos.
  5525 | D:6      | Found a hide-covered altar of Uskayaw.
  5534 | D:6      | Found a bloodstained altar of Trog.
  6002 | D:6      | Found a glowing golden altar of the Shining One.
  6110 | D:7      | Reached skill level 12 in Long Blades
  6110 | D:7      | Reached XP level 10. HP: 31/70 MP: 14/14
  6620 | D:7      | Reached *** piety under Makhleb
  7091 | D:7      | You are sucked into a shaft for 2 floors!
  7103 | D:9      | HP: 1/70 [orc priest/divine providence (15)]
  7749 | D:7      | Reached skill level 13 in Long Blades
  8082 | D:7      | Reached **** piety under Makhleb
  8379 | D:8      | Found Osune's General Store.
  8420 | D:8      | Found a basalt altar of Yredelemnul.
  8420 | D:8      | Found an iron altar of Okawaru.
  9056 | D:9      | Noticed a manticore
  9072 | D:8      | Reached XP level 11. HP: 59/75 MP: 17/17
  9260 | D:9      | Noticed a cyclops
  9298 | D:9      | a cyclops changed into a jumping spider
  9444 | D:9      | Reached skill level 14 in Long Blades
  9506 | D:9      | Reached ***** piety under Makhleb
  9866 | D:9      | Noticed a manticore
  9880 | D:9      | Killed a manticore
  9909 | D:9      | Killed a manticore
 10543 | D:9      | Found a deep blue altar of Sif Muna.
 10572 | D:9      | Identified Sif Muna's Reference Book on Creation
 10614 | D:9      | Identified the Handbook of Mutagenic Boosts
 10794 | D:9      | Found a staircase to the Orcish Mines.
 11032 | D:10     | Entered Level 10 of the Dungeon
 11068 | D:10     | Reached skill level 5 in Shields
 11153 | D:9      | Reached skill level 5 in Armour
 11234 | D:10     | Reached skill level 5 in Fighting
 11491 | D:10     | Found Yppo's Antique Weapon Boutique.
 11553 | D:10     | Noticed Maurice
 11559 | D:10     | Reached XP level 12. HP: 86/86 MP: 18/18
 11624 | D:10     | Noticed Josephine
 11663 | D:9      | Killed Josephine
 12322 | D:10     | Noticed Sonja
 12350 | D:10     | Killed Maurice
 12620 | D:10     | Killed Sonja
 12871 | D:11     | Found a staircase to the Lair.
 13980 | D:11     | Found a deep blue altar of Sif Muna.
 14040 | D:11     | Noticed Urug
 14068 | D:11     | Killed Urug
 14444 | Orc:1    | Entered Level 1 of the Orcish Mines
 14741 | Orc:1    | Noticed a sun demon
 15290 | Orc:1    | Reached skill level 15 in Long Blades
 15290 | Orc:1    | Reached XP level 13. HP: 97/97 MP: 19/19
 15366 | Lair:1   | Entered Level 1 of the Lair of Beasts
 15428 | Lair:1   | Found a frozen archway.
 15472 | IceCv    | Entered an ice cave
 15477 | IceCv    | Slain by a death yak simulacrum

Vault maps used:
D:1:      ncdulo_lavacross
D:2:      zin_purify, uniq_terence
D:3:      uniq_natasha
D:4:      serial_shops, nicolae_shop_waterfront, kennysheep_mini,
          nicolae_shop_stone, shop, uniq_robin
D:5:      wad_woods_tower, nicolae_overflow_crystal_walls, first_bread,
          serial_shops, shop, shop, uniq_sigmund
D:6:      nicolae_overflow_quartered_altars, enter_ossuary_1,
          minmay_ruined_shrine, uniq_prince_ribbit1
D:7:      kennysheep_housing_project
D:8:      gammafunk_temple_overflow_wave, serial_shops, shop, grunt_ogre_cave
D:9:      minmay_cut_squares, led_sif_book, david_orc_4
D:10:     serial_shops, nicolae_shop_crystal, uniq_sonja, uniq_josephine,
          uniq_maurice
D:11:     lair_0_dummy, basic_altar, uniq_urug
Temple:   nicolae_temple_hex_pool
Lair:1:   minmay_lair_oklob_tunnel, portal_ice_cave_entry_imps
Orc:1:    mines5_lemuel
Ossuary:  ossuary_minmay_scorpions
IceCv:    ice_cave_small_necro

Skill      XL: |  1  2  3  4  5  6  7  8  9 10 11 12 |
---------------+-------------------------------------+-----
Long Blades    | 3 4 5 6 8 10 12 13 14 15 | 15.0
Invocations    | 2 5 8 9 |  9.3
Shields        | 6 8 |  8.4
Armour         | 5 7 |  7.9
Fighting       | 5 7 |  7.9

Action                   |  1- 3 |  4- 6 |  7- 9 | 10-12 | 13-15 || total
-------------------------+-------+-------+-------+-------+-------++-------
Melee: Long sword        |   109 |   234 |   531 |  1164 |       ||  2038
       Great sword       |       |       |       |   231 |    47 ||   278
Invok: Minor Destruction |       |       |     1 |       |       ||     1
       Lesser Servant of |       |       |       |    10 |       ||    10
 Abil: Shaft Self        |       |       |       |     1 |       ||     1
       Dig               |       |       |       |     4 |       ||     4
Evoke: Wand              |       |       |       |     5 |       ||     5
  Use: Potion            |       |     1 |     4 |    14 |       ||    19
       Scroll            |       |       |    23 |     1 |     2 ||    26
 Stab: Distracted        |       |       |       |     2 |       ||     2
  Eat: Chunk             |       |     5 |     8 |    30 |     1 ||    44
       Meat ration       |       |       |     1 |       |       ||     1
       Royal jelly       |       |       |       |     1 |       ||     1
Armor: Scale mail        |    48 |    91 |   118 |   304 |    13 ||   574
Dodge: Dodged            |    28 |    64 |   112 |   250 |     8 ||   462
Block: Shield            |    54 |   113 |   219 |   747 |    22 ||  1155
       Reflection        |       |       |       |    35 |       ||    35
